| TOP OF THE 1ST |
|
Seattle (APP) Mariners batting - Pitching for Detroit (APP) Tigers : RHP Alex Amparo
|
|
Pitching: RHP Alex Amparo
|
|
|
Batting: SHB Tony Morales
|
0-0: Called Strike 0-1: Ball 1-1: Foul Ball, location: 2F 1-2: Ground out 6-3 (Groundball, 6D, EV 105.0 MPH)
|
|
Batting: RHB Mike Conaway
|
0-0: Called Strike 0-1: Ball 1-1: TRIPLE (Line Drive, 9D, EV 103.8 MPH)
|
|
Batting: RHB Tze-meng Li
|
0-0: DOUBLE (Groundball, 5L, EV 100.0 MPH) Mike Conaway scores
|
|
Batting: RHB Chris Olheiser
|
0-0: Called Strike 0-1: Ground out U3 (Groundball, 3L, EV 81.9 MPH) Tze-meng Li to third
|
|
Batting: RHB Ivan Davila
|
0-0: Swinging Strike 0-1: Ball 1-1: Swinging Strike 1-2: Ball 2-2: Ball 3-2: Ground out 5-3 (Groundball, 56S, EV 67.5 MPH)
|
| Top of the 1st over - 1 run, 2 hits, 0 errors, 1 left on base; Seattle (APP) 1 - Detroit (APP) 0 |
| BOTTOM OF THE 1ST |
|
Detroit (APP) Tigers batting - Pitching for Seattle (APP) Mariners : RHP Josh Newell
|
|
Pitching: RHP Josh Newell
|
|
|
Batting: RHB Jon Goldstein
|
0-0: Foul Ball, location: 2F 0-1: Fly out, F8 (Flyball, 78M, EV 90.0 MPH)
|
|
Batting: RHB Adam MacConnell
|
0-0: Ball 1-0: Swinging Strike 1-1: Ball 2-1: Called Strike 2-2: Foul Ball, location: 2F 2-2: Foul Ball, location: 2F 2-2: SINGLE (Groundball, 56S, EV 75.0 MPH) (infield hit)
|
|
Batting: RHB Keith Hoffman
|
0-0: Called Strike Adam MacConnell steals 2nd base 0-1: Ball 1-1: Ball 2-1: Ball 3-1: Fly out, F2 (Popup, 25F, EV 91.9 MPH)
|
|
Batting: LHB Bill Ford
|
0-0: Ball 1-0: Called Strike 1-1: Ball 2-1: Ball 3-1: Base on Balls
|
|
Batting: RHB Mike Sebastian
|
0-0: Ball 1-0: Ball 2-0: Foul Ball, location: 2F 2-1: Swinging Strike 2-2: Foul Ball, location: 2F 2-2: Fielders Choice at 2nd, 5-4 (Groundball, 5, EV 82.5 MPH)
|
| Bottom of the 1st over - 0 runs, 1 hit, 0 errors, 2 left on base; Seattle (APP) 1 - Detroit (APP) 0 |
| TOP OF THE 2ND |
|
Seattle (APP) Mariners batting - Pitching for Detroit (APP) Tigers : RHP Alex Amparo
|
|
Batting: SHB Garrett McKenna
|
0-0: Ball 1-0: Ball 2-0: Swinging Strike 2-1: Ball 3-1: Base on Balls
|
|
Batting: RHB Enrique Valdez
|
0-0: Ball 1-0: Ball 2-0: Ball 3-0: Base on Balls Garrett McKenna to second
|
|
Batting: RHB Franklin Romero
|
0-0: Swinging Strike 0-1: Foul Ball, location: 2F 0-2: Ball 1-2: Foul Ball, location: 2F 1-2: Ball 2-2: Foul Ball, location: 2F 2-2: Foul Ball, location: 2F 2-2: Foul Ball, location: 2F 2-2: Foul Ball, location: 2F 2-2: Ball 3-2: Base on Balls Garrett McKenna to third Enrique Valdez to second
|
|
Batting: RHB Houston Brock
|
0-0: Fly out, F3 (Popup, 23F, EV 83.1 MPH)
|
|
Batting: SHB Tony Morales
|
0-0: Fly out, F7 (Flyball, 7S, EV 79.4 MPH)
|
|
Batting: RHB Mike Conaway
|
0-0: Ball 1-0: Ball 2-0: Ball 3-0: Base on Balls Garrett McKenna scores Enrique Valdez to third Franklin Romero to second
|
|
Batting: RHB Tze-meng Li
|
0-0: Ball 1-0: Called Strike 1-1: Called Strike 1-2: Ball 2-2: Fly out, F7 (Line Drive, 7, EV 95.6 MPH)
|
| Top of the 2nd over - 1 run, 0 hits, 0 errors, 3 left on base; Seattle (APP) 2 - Detroit (APP) 0 |
| BOTTOM OF THE 2ND |
|
Detroit (APP) Tigers batting - Pitching for Seattle (APP) Mariners : RHP Josh Newell
|
|
Batting: RHB Brandon Everett
|
0-0: DOUBLE (Line Drive, 89D, EV 101.9 MPH)
|
|
Batting: RHB Jose Evangelista
|
0-0: Ball 1-0: Ball 2-0: Ball Wild Pitch! Brandon Everett to third 3-0: Base on Balls
|
|
Batting: LHB Tokugoro Adachi
|
0-0: Ball 1-0: Foul Ball, location: 2F 1-1: Swinging Strike 1-2: Strikes out swinging
|
|
Batting: RHB Jamie Villagrana
|
0-0: Ball 1-0: Ball Jose Evangelista steals 2nd base 2-0: Called Strike 2-1: Ball 3-1: SINGLE (Flyball, 3D, EV 95.0 MPH) Brandon Everett scores Jose Evangelista to third
|
|
Batting: RHB Jon Goldstein
|
0-0: Fielders Choice at 2nd, 5-4 (Groundball, 56S, EV 85.0 MPH) Jose Evangelista scores
|
|
Batting: RHB Adam MacConnell
|
0-0: Called Strike 0-1: Ball Passed Ball! Jon Goldstein to second 1-1: Foul Ball, location: 2F 1-2: Foul Ball, location: 2F 1-2: Foul Ball, location: 2F 1-2: Fly out, F6 (Flyball, 56D, EV 93.1 MPH)
|
| Bottom of the 2nd over - 2 runs, 2 hits, 0 errors, 1 left on base; Seattle (APP) 2 - Detroit (APP) 2 |
| TOP OF THE 3RD |
|
Seattle (APP) Mariners batting - Pitching for Detroit (APP) Tigers : RHP Alex Amparo
|
|
Batting: RHB Chris Olheiser
|
0-0: Ball 1-0: Foul Ball, location: 2F 1-1: Swinging Strike 1-2: Ball 2-2: Strikes out looking
|
|
Batting: RHB Ivan Davila
|
0-0: Foul Ball, location: 2F 0-1: Ball 1-1: SINGLE (Flyball, 8LS, EV 95.6 MPH)
|
|
Batting: SHB Garrett McKenna
|
0-0: Swinging Strike 0-1: Ball 1-1: Ball 2-1: Foul Ball, location: 2F 2-2: Ball 3-2: Foul Ball, location: 2F 3-2: Base on Balls Ivan Davila to second
|
|
Batting: RHB Enrique Valdez
|
0-0: Called Strike 0-1: Ball 1-1: Swinging Strike 1-2: Strikes out swinging
|
|
Batting: RHB Franklin Romero
|
0-0: Swinging Strike 0-1: Called Strike 0-2: Ball 1-2: Ball 2-2: Fly out, F9 (Flyball, 9LS, EV 90.6 MPH)
|
| Top of the 3rd over - 0 runs, 1 hit, 0 errors, 2 left on base; Seattle (APP) 2 - Detroit (APP) 2 |
| BOTTOM OF THE 3RD |
|
Detroit (APP) Tigers batting - Pitching for Seattle (APP) Mariners : RHP Josh Newell
|
|
Batting: RHB Keith Hoffman
|
0-0: Ball 1-0: Ball 2-0: Ball 3-0: Called Strike 3-1: Fly out, F7 (Flyball, 7LM, EV 100.0 MPH)
|
|
Batting: LHB Bill Ford
|
0-0: Fly out, F6 (Popup, 56, EV 63.8 MPH)
|
|
Batting: RHB Mike Sebastian
|
0-0: Fly out, F6 (Line Drive, 6, EV 73.1 MPH)
|
| Bottom of the 3rd over - 0 runs, 0 hits, 0 errors, 0 left on base; Seattle (APP) 2 - Detroit (APP) 2 |
| TOP OF THE 4TH |
|
Seattle (APP) Mariners batting - Pitching for Detroit (APP) Tigers : RHP Alex Amparo
|
|
Batting: RHB Houston Brock
|
0-0: Swinging Strike 0-1: Foul Ball, location: 2F 0-2: Foul Ball, location: 2F 0-2: Strikes out swinging
|
|
Pitching: RHP Bert Hernandez
|
|
|
Batting: SHB Tony Morales
|
0-0: Called Strike 0-1: Ball 1-1: Ball 2-1: Ball 3-1: Fly out, F8 (Flyball, 89XD, EV 96.9 MPH)
|
|
Batting: RHB Mike Conaway
|
0-0: Foul Ball, location: 2F 0-1: Swinging Strike 0-2: Strikes out swinging
|
| Top of the 4th over - 0 runs, 0 hits, 0 errors, 0 left on base; Seattle (APP) 2 - Detroit (APP) 2 |
| BOTTOM OF THE 4TH |
|
Detroit (APP) Tigers batting - Pitching for Seattle (APP) Mariners : RHP Josh Newell
|
|
Batting: RHB Brandon Everett
|
0-0: Foul Ball, location: 2F 0-1: Foul Ball, location: 2F 0-2: Ball 1-2: Ball 2-2: DOUBLE (Line Drive, 9LS, EV 95.0 MPH)
|
|
Batting: RHB Jose Evangelista
|
0-0: Ball 1-0: SINGLE (Line Drive, 8LS, EV 99.4 MPH) Brandon Everett to third
|
|
Batting: LHB Tokugoro Adachi
|
0-0: Ball 1-0: Fly out, F8 (Flyball, 8LM, EV 82.5 MPH) Runner from 3rd tags up, SCORES, throw by CF
|
|
Batting: RHB Jamie Villagrana
|
0-0: Ball 1-0: Called Strike 1-1: Grounds into double play, 5-4-3 (Groundball, 5, EV 110.6 MPH)
|
| Bottom of the 4th over - 1 run, 2 hits, 0 errors, 0 left on base; Seattle (APP) 2 - Detroit (APP) 3 |
| TOP OF THE 5TH |
|
Seattle (APP) Mariners batting - Pitching for Detroit (APP) Tigers : RHP Bert Hernandez
|
|
Batting: RHB Tze-meng Li
|
0-0: Called Strike 0-1: Called Strike 0-2: Ball 1-2: Strikes out swinging
|
|
Batting: RHB Chris Olheiser
|
0-0: Ball 1-0: Fly out, F5 (Popup, 56S, EV 66.9 MPH)
|
|
Batting: RHB Ivan Davila
|
0-0: Ball 1-0: Ball 2-0: Ball 3-0: Called Strike 3-1: DOUBLE (Line Drive, 9LM, EV 90.6 MPH)
|
|
Batting: SHB Garrett McKenna
|
0-0: Ball 1-0: Ball 2-0: Foul Ball, location: 2F 2-1: Ball 3-1: SINGLE (Line Drive, 9S, EV 101.3 MPH) Ivan Davila to third Runner from 3rd tries for Home, SAFE, throw by RF to home
|
|
Batting: RHB Enrique Valdez
|
0-0: Ball 1-0: Fly out, F9 (Flyball, 9LS, EV 83.1 MPH)
|
| Top of the 5th over - 1 run, 2 hits, 0 errors, 1 left on base; Seattle (APP) 3 - Detroit (APP) 3 |
| BOTTOM OF THE 5TH |
|
Detroit (APP) Tigers batting - Pitching for Seattle (APP) Mariners : RHP Josh Newell
|
|
Batting: RHB Jon Goldstein
|
0-0: Ball 1-0: Swinging Strike 1-1: Ball 2-1: Fly out, F9 (Flyball, 9D, EV 82.5 MPH)
|
|
Batting: RHB Adam MacConnell
|
0-0: Called Strike 0-1: SINGLE (Groundball, 6MD, EV 98.1 MPH)
|
|
Batting: RHB Keith Hoffman
|
0-0: Ball 1-0: Ball 2-0: SINGLE (Line Drive, 89M, EV 101.9 MPH) Adam MacConnell to second
|
|
Batting: LHB Bill Ford
|
0-0: Fly out, F9 (Flyball, 9S, EV 91.9 MPH)
|
|
Batting: RHB Mike Sebastian
|
0-0: Swinging Strike 0-1: SINGLE (Line Drive, 7S, EV 100.6 MPH) Adam MacConnell to third Keith Hoffman to second
|
|
Batting: RHB Brandon Everett
|
0-0: Fielders Choice at 2nd, 6-4 (Groundball, 6, EV 104.4 MPH)
|
| Bottom of the 5th over - 0 runs, 3 hits, 0 errors, 3 left on base; Seattle (APP) 3 - Detroit (APP) 3 |
| TOP OF THE 6TH |
|
Seattle (APP) Mariners batting - Pitching for Detroit (APP) Tigers : RHP Bert Hernandez
|
|
Batting: RHB Franklin Romero
|
0-0: Ball 1-0: Foul Ball, location: 2F 1-1: Swinging Strike 1-2: Strikes out swinging
|
|
Batting: RHB Houston Brock
|
0-0: Ball 1-0: Called Strike 1-1: Ball 2-1: Foul Ball, location: 2F 2-2: Foul Ball, location: 2F 2-2: Strikes out looking
|
|
Pitching: RHP Cameron Maxwell
|
|
|
Batting: SHB Tony Morales
|
0-0: Ball 1-0: Called Strike 1-1: Swinging Strike 1-2: Ball 2-2: Strikes out swinging
|
| Top of the 6th over - 0 runs, 0 hits, 0 errors, 0 left on base; Seattle (APP) 3 - Detroit (APP) 3 |
| BOTTOM OF THE 6TH |
|
Detroit (APP) Tigers batting - Pitching for Seattle (APP) Mariners : RHP Josh Newell
|
|
Pitching: LHP Ben Burton
|
|
|
Batting: RHB Jose Evangelista
|
0-0: Ball 1-0: Fly out, F4 (Line Drive, 4, EV 70.0 MPH)
|
|
Batting: LHB Tokugoro Adachi
|
0-0: Ball 1-0: Swinging Strike 1-1: Ball 2-1: Called Strike 2-2: Ball 3-2: DOUBLE (Groundball, 3L, EV 96.9 MPH)
|
|
Batting: RHB Jamie Villagrana
|
0-0: Ground out 6-3 (Groundball, 6, EV 80.0 MPH)
|
|
Batting: RHB Jon Goldstein
|
0-0: Called Strike 0-1: Ground out 5-3 (Groundball, 56S, EV 88.1 MPH)
|
| Bottom of the 6th over - 0 runs, 1 hit, 0 errors, 1 left on base; Seattle (APP) 3 - Detroit (APP) 3 |
| TOP OF THE 7TH |
|
Seattle (APP) Mariners batting - Pitching for Detroit (APP) Tigers : RHP Cameron Maxwell
|
|
Batting: RHB Mike Conaway
|
0-0: Ball 1-0: Swinging Strike 1-1: Called Strike 1-2: Strikes out looking
|
|
Batting: RHB Tze-meng Li
|
0-0: Called Strike 0-1: Swinging Strike 0-2: Strikes out swinging, 2-3 out at first.
|
|
Batting: RHB Chris Olheiser
|
0-0: Swinging Strike 0-1: Called Strike 0-2: Ball 1-2: Ball 2-2: Ball 3-2: Ground out 4-3 (Groundball, 4, EV 89.4 MPH)
|
| Top of the 7th over - 0 runs, 0 hits, 0 errors, 0 left on base; Seattle (APP) 3 - Detroit (APP) 3 |
| BOTTOM OF THE 7TH |
|
Detroit (APP) Tigers batting - Pitching for Seattle (APP) Mariners : LHP Ben Burton
|
|
Pitching: RHP Sid Lampone
|
|
|
Batting: RHB Adam MacConnell
|
0-0: Ball 1-0: Ball 2-0: Called Strike 2-1: Fly out, F9 (Flyball, 89XD, EV 100.0 MPH)
|
|
Batting: RHB Keith Hoffman
|
0-0: Called Strike 0-1: Ground out 3-1 (Groundball, 34, EV 100.0 MPH)
|
|
Batting: LHB Bill Ford
|
0-0: Called Strike 0-1: SINGLE (Flyball, 5D, EV 95.6 MPH)
|
|
Batting: RHB Mike Sebastian
|
0-0: Ball 1-0: Ball 2-0: Swinging Strike 2-1: Ball Bill Ford steals 2nd base (no throw) 3-1: SINGLE (Line Drive, 89M, EV 111.3 MPH) Bill Ford to third Runner from 3rd tries for Home, SAFE, throw by CF to home
|
|
Batting: RHB Brandon Everett
|
0-0: Ball Mike Sebastian is caught stealing 2nd base 2-4
|
| Bottom of the 7th over - 1 run, 2 hits, 0 errors, 0 left on base; Seattle (APP) 3 - Detroit (APP) 4 |
| TOP OF THE 8TH |
|
Seattle (APP) Mariners batting - Pitching for Detroit (APP) Tigers : RHP Cameron Maxwell
|
|
Batting: RHB Ivan Davila
|
0-0: Foul Ball, location: 2F 0-1: Ball 1-1: Foul Ball, location: 2F 1-2: Ball 2-2: Ground out U3 (Groundball, 3, EV 101.9 MPH)
|
|
Batting: SHB Garrett McKenna
|
0-0: Foul Ball, location: 2F 0-1: Swinging Strike 0-2: Strikes out swinging
|
|
Batting: RHB Enrique Valdez
|
0-0: Foul Ball, location: 2F 0-1: Ball 1-1: Ground out 4-3 (Groundball, 4, EV 103.8 MPH)
|
| Top of the 8th over - 0 runs, 0 hits, 0 errors, 0 left on base; Seattle (APP) 3 - Detroit (APP) 4 |
| BOTTOM OF THE 8TH |
|
Detroit (APP) Tigers batting - Pitching for Seattle (APP) Mariners : RHP Sid Lampone
|
|
Pitching: RHP Harry Hammons
|
|
|
Batting: RHB Brandon Everett
|
0-0: Ball 1-0: Ball 2-0: Called Strike 2-1: Foul Ball, location: 2F 2-2: Foul Ball, location: 2F 2-2: Strikes out swinging
|
|
Batting: RHB Jose Evangelista
|
0-0: Ball 1-0: Called Strike 1-1: Foul Ball, location: 2F 1-2: Fly out, F7 (Flyball, 7, EV 85.6 MPH)
|
|
Batting: LHB Tokugoro Adachi
|
0-0: Foul Ball, location: 2F 0-1: Ball 1-1: Fly out, F7 (Flyball, 7LS, EV 90.6 MPH)
|
| Bottom of the 8th over - 0 runs, 0 hits, 0 errors, 0 left on base; Seattle (APP) 3 - Detroit (APP) 4 |
| TOP OF THE 9TH |
|
Seattle (APP) Mariners batting - Pitching for Detroit (APP) Tigers : RHP Cameron Maxwell
|
|
Pitching: RHP Kyle Moore
|
|
|
Batting: RHB Franklin Romero
|
0-0: Ball 1-0: Foul Ball, location: 2F 1-1: Ball 2-1: Ground out 4-3 (Groundball, 34S, EV 81.9 MPH)
|
|
Pinch Hitting: SHB Fernando Jasso
|
0-0: Ball 1-0: Foul Ball, location: 2F 1-1: Ball 2-1: Foul Ball, location: 2F 2-2: Strikes out swinging
|
|
Batting: SHB Tony Morales
|
0-0: Swinging Strike 0-1: Ball 1-1: Swinging Strike 1-2: Ball 2-2: Strikes out swinging
|
| Top of the 9th over - 0 runs, 0 hits, 0 errors, 0 left on base; Seattle (APP) 3 - Detroit (APP) 4 |
|